cohdb
Replays
Latest Replays
All Replays
Popular Replays
Top Player Replays
Match Explorer
How It Works
Community
CoH3 Stats
Reddit
Sign in to upload your games and track your stats! →
Sign in with Steam
Match 45187571
Unlisted
Match 45187571
Overview
Messages
Build Orders
End
Construct Section Command Post
Selects Canadian Shock Battlegroup
Vickers Machine Gun Team
Infantry Section
Infantry Section
ML 3-inch Mortar Team
Selects Attacking Spirit
Selects Canadian Shock Section
Construct Field Infirmary
Construct Field Infirmary
Canadian Shock Section
Construct Platoon Command Post
6-pounder Anti-tank Gun Team
Selects Incendiary Munitions
Construct Company Command Post
Canadian Shock Section
6-pounder Anti-tank Gun Team
Matilda II Heavy Tank
CMP 15cwt Truck
Selects Pyrotechnics
6-pounder Anti-tank Gun Team
Royal Engineer Section
[EXD] Ant
Captain Winters
Freedom&Bacon
KEKEKING
homig
das Brot
kerem
Jesus is my man
0
0
Comments
sign in to comment!
No comments posted yet!